 Dungeon Crawl Stone Soup version 0.29.0-11-gd7f09526c8 (webtiles) character file.

Game seed: 12368776219062127434

267 smilodon the Trooper (level 6, -3/48 HPs)
             Began as a Demonspawn Fighter on Sept 6, 2022.
             Slain by a gnoll bouda
             ... wielding a +0 club
              (15 damage)
             ... on level 4 of the Dungeon.
             The game lasted 00:04:59 (2314 turns).

smilodon the Trooper (Demonspawn Fighter)           Turns: 2314, Time: 00:05:00

Health: -3/48      AC:  6    Str: 15 (16) XL:     6   Next: 0%
Magic:  6/6        EV: 10    Int: 19      God:
Gold:   223        SH:  5    Dex: 15      Spells: 5/5 levels left

rFire   . . .      SeeInvis .   a - +0 war axe (chaos)
rCold   . . .      Faith    .   c - +0 buckler
rNeg    + . .      Spirit   .   o - +3 leather armour of the Snail {Fly Will+}
rPois   .          Reflect  .   (no helmet)
rElec   .          Harm     .   (no cloak)
rCorr   .          Rampage  .   (no gloves)
Will    +....                   (no boots)
Stlth   ++........              (no amulet)
HPRegen 0.16/turn               r - ring of Lits {rN+ Int+2}
MPRegen 0.10/turn               i - +6 ring of intelligence

@: weakened, flying, studying Poison Magic
A: hooves 2, thin skeletal structure 1
a: no special abilities


You were on level 4 of the Dungeon.
You visited 1 branch of the dungeon, and saw 4 of its levels.

You collected 223 gold pieces.

Inventory:

Hand Weapons
 a - a +0 war axe of chaos (weapon)
 e - a +1 dagger of venom
Missiles
 l - a boomerang (quivered)
Armour
 b - a +1 scale mail
 c - a +0 buckler (worn)
 n - a +0 plate armour
 o - the +3 leather armour of the Snail (worn) {Fly Will+}
   (You found it on level 3 of the Dungeon)

   Fly:       It grants you flight.
   Will:      It increases your willpower.
Jewellery
 f - a ring of positive energy
 i - a +6 ring of intelligence (right hand)
 k - an amulet of guardian spirit
 r - the ring of Lits (left hand) {rN+ Int+2}
   (You found it on level 2 of the Dungeon)

   [ring of positive energy]

   Int:       It affects your intelligence (+2).
   rN:        It protects you from negative energy.
Wands
 d - a wand of paralysis (9)
Scrolls
 j - a scroll of teleportation
Potions
 g - 3 potions of curing
 q - a potion of magic


   Skills:
 + Level 3.6 Fighting
 - Level 2.4 Short Blades
 + Level 2.1 Axes
 + Level 3.4 Armour
 + Level 0.6 Dodging
 + Level 0.3 Stealth
 + Level 3.4 Shields
 * Level 0.4 Spellcasting
 * Level 3.1 Poison Magic
 + Level 0.4 Evocations


You had 5 spell levels left.
You didn't know any spells.
Your spell library contained the following spells:

 Spells                   Type           Power      Damage    Failure   Level
 Conjure Flame            Conj/Fire      0%         6-21      67%         3
 Inner Flame              Hex/Fire       0%         N/A       67%         3
 Animate Armour           Summ/Erth      0%         N/A       97%         4
 Iron Shot                Conj/Erth      0%         9d1       100%        6


Dungeon Overview and Level Annotations

Branches:
Dungeon (4/15)
 Temple: D:4-7

Altars:

Shops:
D:1 :


Innate Abilities, Weirdness & Mutations

You have hoof-like feet.
You have a somewhat thin skeletal structure. (Dex +2, Stealth+)


Message History

Aim: a gnoll bouda, wielding a +0 club and wearing a +0 leather armour (chance to affect: 50%)
The gnoll bouda resists with some effort.
A gnoll comes into view. It is wielding a +0 whip.
The gnoll bouda gazes fiercely through you!
You feel as though you will be weak longer.
Aiming: Paralyse
Press: ? - help, Shift-Dir - straight line, f/p - gnoll bouda
Aim: a gnoll bouda, wielding a +0 club and wearing a +0 leather armour (chance to affect: 50%)
The gnoll bouda resists with some effort.
Aiming: Paralyse
Press: ? - help, Shift-Dir - straight line, f/p - gnoll bouda
Aim: a gnoll bouda, wielding a +0 club and wearing a +0 leather armour (chance to affect: 50%)
The gnoll bouda resists with some effort.
You don't have any such object.
Evoke which item? (* to show all) (? for menu, Esc to quit)
Okay, then.
The gnoll is no longer moving quickly.
A gnoll comes into view. It is wielding a +0 halberd.
The gnoll bouda barks out a call to the hunt!
The gnolls pick up the pace!
You hit the gnoll bouda.
The gnoll bouda goes berserk!
Your kick misses the gnoll bouda.
The gnoll bouda is moderately wounded.
The gnoll bouda hits you with a +0 club.
You block the gnoll bouda's attack.
You barely miss the gnoll bouda. Your kick misses the gnoll bouda.
The gnoll bouda is moderately wounded.
The gnoll bouda barely misses you.
The gnoll bouda hits you with a +0 club.
You hit the gnoll bouda. You freeze the gnoll bouda.
The gnoll bouda is moderately wounded.
You block the gnoll bouda's attack.
The gnoll bouda hits you with a +0 club!
The gnoll bouda attacks as you move away!
The gnoll bouda barely misses you.
The gnoll bouda hits you with a +0 club!
* * * LOW HITPOINT WARNING * * *
The gnoll bouda attacks as you move away!
The gnoll bouda hits you with a +0 club!
You die...

## ... #.#
#.#### .....
#..#
##########..#
#..@gggg)...#
#.########..#
#.# #.## #.#


#gg #.# #### #.# #.# #.# #.# You could see a gnoll bouda (berserk) and 3 gnolls.

Vanquished Creatures
  An ice beast (D:3)
  Natasha (twice) (D:3)
  A gnoll (D:4)
  3 adders (D:3)
  2 worms (D:3)
  A dart slug (D:1)
  An orc (D:3)
  4 ball pythons
  4 bats
  4 endoplasms
  3 giant cockroaches
  3 goblins
  6 hobgoblins
  2 jackals (D:1)
  3 kobolds
  3 quokkas (D:3)
  4 frilled lizards
  5 rats
52 creatures vanquished.

Vanquished Creatures (collateral kills)
  Natasha (D:3)
  A goblin (D:3)
2 creatures vanquished.

Vanquished Creatures (others)
  64 plants (D:3)
64 creatures vanquished.

Grand Total: 118 creatures vanquished

Notes
Turn   | Place    | Note
-------+----------+-------------------------------------------
     0 | D:1      | smilodon the Demonspawn Fighter began the quest for the
                  | Orb.
     0 | D:1      | Reached XP level 1. HP: 18/18 MP: 1/1
   173 | D:1      | Gained mutation: You have large cloven feet. [demonic
                  | ancestry]
   173 | D:1      | Reached XP level 2. HP: 23/24 MP: 2/2
   219 | D:1      | You fall into a shaft and drop 1 floor!
   245 | D:1      | Found Jatseim's Vocational Training.
   692 | D:2      | Gained mutation: You have hoof-like feet. [demonic
                  | ancestry]
   692 | D:2      | Reached XP level 3. HP: 27/29 MP: 3/3
   938 | D:2      | Got the Dissertation on the Rocky Coals
  1053 | D:2      | Identified the ring of Lits {rN+ Int+2}
  1263 | D:2      | Identified a scroll of acquirement
  1268 | D:2      | Acquired a manual of Poison Magic
  1417 | D:3      | Found a faded altar of an unknown god.
  1551 | D:3      | Reached skill level 1 in Short Blades
  1626 | D:3      | Reached skill level 1 in Poison Magic
  1719 | D:3      | Noticed an ice beast
  1726 | D:3      | Killed an ice beast
  1727 | D:3      | Reached XP level 4. HP: 35/35 MP: 4/4
  1727 | D:3      | Reached XP level 5. HP: 41/41 MP: 5/5
  1757 | D:3      | Noticed Natasha
  1766 | D:3      | Killed Natasha
  1971 | D:3      | Noticed Natasha
  1976 | D:3      | Killed Natasha
  1978 | D:3      | Identified the +3 leather armour of the Snail {Fly Will+}
  1991 | D:3      | Noticed Natasha
  2000 | D:3      | Killed Natasha
  2306 | D:4      | Gained mutation: You have a somewhat thin skeletal
                  | structure. (Dex +2, Stealth+) [demonic ancestry]
  2306 | D:4      | Reached XP level 6. HP: 48/48 MP: 6/6
  2314 | D:4      | Slain by a gnoll bouda

Illustrated notes

Levels and vault maps discovered:
D:1:      dpeg_arrival_refuge, layout_rooms, minivault_4,
          nicolae_shop_vocational
D:2:      layout_basic, hangedman_abyss_or_decor_lesser_grid,
          grunt_decor_junction
D:3:      layout_rooms, basic_ecumenical_altar, kennysheep_boxes, uniq_natasha
D:4:      layout_basic, minmay_temple_entry_ruins

Skill      XL: |  1  2  3  4  5 |
---------------+----------------+-----
Shields        | 3 |  3.4
Armour         | 3 |  3.4
Short Blades   | 2 |  2.4
Poison Magic   | 2 3 |  3.1
Axes           | 2 |  2.1
Fighting       | |  3.6
Dodging        | |  0.6
Stealth        | |  0.3
Spellcasting   | |  0.4
Evocations     | |  0.4

Action                   |  1- 3 |  4- 6 || total
-------------------------+-------+-------++-------
Melee: War axe           |    13 |    39 ||    52
       Dagger            |    70 |       ||    70
       Kick              |    19 |     4 ||    23
Throw: Boomerang         |       |     4 ||     4
Evoke: Wand              |       |     5 ||     5
  Use: Scroll            |     7 |     2 ||     9
       Potion            |     4 |     1 ||     5
Armor: Scale mail        |    14 |       ||    14
       Plate armour      |    21 |    19 ||    40
       Leather armour    |       |     3 ||     3
Dodge: Dodged            |    17 |    13 ||    30
Block: Buckler           |    15 |     8 ||    23
